 Dungeon Crawl Stone Soup version 0.21.1-1-g345015f (webtiles) character file.

641 Melicamp the Ducker (level 7, -15/34 HPs)
             Began as a Felid Artificer on Apr 3, 2018.
             Was a Follower of Makhleb.
             Demolished by a two-headed ogre
             ... wielding a +0 giant spiked club
              (22 damage)
             ... on level 8 of the Dungeon.
             The game lasted 00:47:26 (9132 turns).

Melicamp the Ducker (Felid Artificer)               Turns: 9132, Time: 00:47:27

Health: -15/34     AC:  2    Str:  8    XL:     7   Next: 26%
Magic:  11/11      EV: 22    Int: 13    God:    Makhleb [*.....]
Gold:   328        SH:  0    Dex: 18    Spells: 6/6 levels left
                                        Lives:  0   Deaths: 2

rFire    . . .     SeeInvis +     - Unarmed
rCold    . . .     Gourm    .   (shield unavailable)
rNeg     . . .     Faith    .   (armour unavailable)
rPois    .         Spirit   .   (helmet unavailable)
rElec    .         Reflect  .   (cloak unavailable)
rCorr    .         Harm     .   (gloves unavailable)
MR       ++...                  (boots unavailable)
Stlth    +++.......             r - amulet of rage
HPRegen  0.11/turn              l - ring of protection from magic
MPRegen  0.12/turn              o - ring of flight

@: berserk cooldown, slowed, slow
A: very small, no armour, no weapons or thrown items, stealth, claws 1, fangs 3,
see invisible, carnivore, speed 1, shaggy fur 2, slow metabolism 1, sharp paws
a: Renounce Religion, Evoke Berserk Rage, Evoke Flight


You were on level 8 of the Dungeon.
You worshipped Makhleb.
Makhleb was aware of your devotion.
You were not hungry.

You visited 2 branches of the dungeon, and saw 9 of its levels.

You collected 328 gold pieces.

Inventory:

Missiles
 f - 67 arrows
Jewellery
 l - a ring of protection from magic (left paw)
 o - a ring of flight (right paw)
 r - an amulet of rage (around neck)
 t - the amulet of the Four Winds {rN+ MR+++ Clar}
   (You found it on level 7 of the Dungeon)

   [amulet of nothing]

   It protects you from negative energy.
   It affects your resistance to hostile enchantments.
   It protects you against confusion.
Wands
 c - a wand of random effects (37)
 u - a wand of acid (6)
 v - a wand of iceblast (4)
Scrolls
 a - a scroll of amnesia {unknown}
 e - 2 scrolls of identify
 m - a scroll of fear
 p - 2 scrolls of teleportation
 s - a scroll of fog
 w - 2 scrolls of remove curse
Potions
 h - 2 potions of magic
 i - 6 potions of flight
 j - a potion of cancellation
 x - a potion of berserk rage {unknown}
Books
 q - a book of Air

   Spells                             Type                      Level
   a - Shock                          Conjuration/Air              1
   b - Swiftness                      Charms/Air                   2
   c - Static Discharge               Conjuration/Air              3
   d - Airstrike                      Air                          4
   e - Lightning Bolt                 Conjuration/Air              5
Comestibles
 d - 15 rations


   Skills:
 - Level 6.0 Fighting
 - Level 6.3 Dodging
 - Level 5.0 Stealth
 - Level 6.0 Unarmed Combat
 + Level 0.1 Invocations
 * Level 4.3 Evocations


You had 6 spell levels left.
You didn't know any spells.

Dungeon Overview and Level Annotations

Branches:
Dungeon (8/15)             Temple (1/1) D:5
   Lair: D:8-11

Altars:
Ashenzari
Cheibriados
Dithmenos
Elyvilon
Fedhas
Gozag
Hepliaklqana
Kikubaaqudgha
Makhleb
Nemelex Xobeh
Okawaru
Qazlal
Ru
Sif Muna
Trog
Uskayaw
Vehumet
Wu Jian
Xom
Yredelemnul
Zin
The Shining One

Shops:
D:6 }   D:7 [

Annotations:
D:3 Pad's ghost, amateur DEIE


Innate Abilities, Weirdness & Mutations

You cannot wear armour.
You are incapable of wielding weapons or throwing items.
Your paws allow you to move quietly. (Stealth)
You have sharp claws.
You have razor-sharp teeth.
You have supernaturally acute eyesight. (SInv)
You are carnivorous and can eat meat at any time.
You cover ground quickly.
You are covered in thick fur. (AC +2)
You have a slow metabolism.
Your sharp claws are effective at attacking unaware monsters.


Message History

You feel a strong urge to attack something.
Found a scroll labeled ONELYERUSE.
You feel your anger nearly subside.
You are no longer berserk.
You are exhausted.
You feel yourself slow down.
The two-headed ogre seems to regain its courage.
The two-headed ogre misses you.
The two-headed ogre completely misses you.
You scratch the two-headed ogre. Your bite misses the two-headed ogre.
The two-headed ogre is lightly wounded.
The two-headed ogre hits you with a giant spiked club!!
Ouch! That really hurt!
* * * LOW HITPOINT WARNING * * *
The two-headed ogre closely misses you.
You barely miss the two-headed ogre. The two-headed ogre closely misses you.
The two-headed ogre misses you.
The two-headed ogre hits you with a giant spiked club!!
Ouch! That really hurt!
You die...

.?...#########
..............#
.............#
.............#
...#..$......#
##......#####
#....##.##
..##.#O.# #
#..@..# #..
#...#.# ....
#..##(# ....
#.....# .<...
##...#.#
###......##....#.#
..#..........(.#.#
...#.####.?..##.#
....# ##.....#.#


You could see a two-headed ogre.

Vanquished Creatures
  An ice beast (D:5)
  A black bear (D:7)
  A sky beast (D:5)
  2 ogres (D:4)
  A centaur (D:8)
  A scorpion (D:8)
  2 howler monkeys (D:5)
  A quasit (D:5)
  3 hounds
  3 orc priests
  A centaur skeleton (D:5)
  An iguana (D:5)
  Jessica (D:3)
  5 worker ants
  Ijyb (D:4)
  A hound skeleton (D:8)
  9 adders
  An ooze (D:4)
  2 adder zombies
  An adder skeleton (D:7)
  4 worms
  A dart slug (D:1)
  8 leopard geckos
  11 orcs
  2 ball pythons
  5 bats
  6 giant cockroaches
  15 goblins
  11 hobgoblins
  6 jackals
  9 kobolds
  4 quokkas
  A ball python skeleton (D:4)
  5 frilled lizards
  3 giant cockroach zombies
  A jackal skeleton (D:4)
  A leopard gecko skeleton (D:7)
  A quokka skeleton (D:4)
  13 rats
  A plant (D:1)
147 creatures vanquished.

Vanquished Creatures (collateral kills)
  An ogre (D:5)
  2 worker ants (D:5)
  2 orcs (D:3)
  A hobgoblin (D:2)
  A goblin (D:3)
7 creatures vanquished.

Vanquished Creatures (others)
  A hog (D:7)
  A worker ant (D:5)
  A howler monkey (D:6)
  Robin (D:2)
  A goblin (D:2)
  A hobgoblin (D:2)
6 creatures vanquished.

Grand Total: 160 creatures vanquished

Notes
Turn   | Place    | Note
-------+----------+-------------------------------------------
     0 | D:1      | Melicamp the Felid Artificer began the quest for the Orb.
     0 | D:1      | Reached XP level 1. HP: 9/9 MP: 4/4
   282 | D:1      | Reached XP level 2. HP: 11/12 MP: 5/5
   886 | D:1      | Reached XP level 3. HP: 14/16 MP: 6/6
  1603 | D:2      | Noticed Robin
  1624 | D:2      | Your ally died
  1625 | D:2      | Reached XP level 4. HP: 17/20 MP: 7/7
  2301 | D:3      | Reached XP level 5. HP: 24/24 MP: 8/8
  2308 | D:3      | Found a white marble altar of Elyvilon.
  3045 | D:3      | Noticed Jessica
  3052 | D:3      | Killed Jessica
  3173 | D:3      | Noticed Pad's ghost (amateur DEIE)
  3960 | D:4      | Found a sacrificial altar of Ru.
  3992 | D:4      | Gained mutation: You are covered in thick fur. (AC +2) [Felid growth]
  3992 | D:4      | Reached XP level 6. HP: 12/28 MP: 9/9
  4675 | D:4      | Reached skill level 5 in Fighting
  5097 | D:4      | Reached XP level 7. HP: 32/33 MP: 10/10
  5156 | D:4      | Noticed Ijyb
  5168 | D:4      | Killed Ijyb
  5354 | D:5      | Entered Level 5 of the Dungeon
  5425 | D:5      | Found a staircase to the Ecumenical Temple.
  5462 | Temple   | Entered the Ecumenical Temple
  5584 | Temple   | Became a worshipper of Makhleb the Destroyer
  5816 | D:5      | Slain by a centaur skeleton
  5817 | D:5      | Reached XP level 6. HP: 0/31 MP: 9/9
  6117 | D:5      | Noticed a sky beast
  6216 | D:5      | Reached skill level 5 in Unarmed Combat
  6354 | D:5      | Killed a sky beast
  6364 | D:5      | Reached XP level 7. HP: 25/34 MP: 10/10
  6905 | D:5      | Reached * piety under Makhleb
  7406 | D:6      | Reached skill level 5 in Dodging
  7572 | D:6      | Found Bymihez's Gadget Emporium.
  8204 | D:7      | Found the amulet of the Four Winds {rN+ MR+++ Clar}
  8305 | D:7      | Found Qoemorgh's Antique Armour Boutique.
  8843 | D:7      | Noticed a human
  8843 | D:7      | Noticed a hog
  8843 | D:7      | Noticed a yak
  8843 | D:7      | Noticed a yak
  8844 | D:7      | Noticed a yak
  8875 | D:7      | Slain by a yak
  8876 | D:7      | Reached XP level 6. HP: 0/31 MP: 10/10
  8911 | D:8      | Reached XP level 7. HP: 34/34 MP: 11/11
  8931 | D:8      | Reached skill level 5 in Stealth
  9110 | D:8      | Noticed a two-headed ogre
  9132 | D:8      | Demolished by a two-headed ogre

Skill      XL: |  1  2  3  4  5  6  7 |
---------------+----------------------+-----
Stealth        | 2 3 5 |  5.0
Fighting       | 2 3 4 5 6 |  6.0
Unarmed Combat | 2 3 5 6 |  6.0
Dodging        | 6 5 |  6.3
Evocations     | 4 |  4.3
Invocations    | |  0.1

Action                   |  1- 3 |  4- 6 |  7- 9 || total
-------------------------+-------+-------+-------++-------
Melee: Unarmed           |   208 |   208 |   152 ||   568
       Bite              |    25 |    20 |    15 ||    60
       Punch             |     4 |     1 |     2 ||     7
 Abil: Evoke Berserk Rag |       |       |     1 ||     1
Evoke: Wand              |    14 |    22 |    24 ||    60
  Use: Scroll            |     6 |     6 |     7 ||    19
       Potion            |       |     4 |     3 ||     7
 Stab: Sleeping          |    12 |    10 |     6 ||    28
       Paralysed         |       |     1 |     2 ||     3
  Eat: Chunk             |     9 |    13 |     5 ||    27
Armor: Skin              |     2 |    11 |     7 ||    20
Dodge: Dodged            |    68 |   135 |   100 ||   303
